 Dungeon Crawl Stone Soup version 0.28-a0-413-gde365fb1df (webtiles) character file.

Game seed: 14563713996907593348

408 bande the Chopper (level 6, -2/39 HPs)
             Began as a Gargoyle Fighter on Sept 7, 2021.
             Was an Initiate of Okawaru.
             Slain by an ogre (10 damage)
             ... on level 4 of the Dungeon.
             The game lasted 00:10:00 (4921 turns).

bande the Chopper (Gargoyle Fighter)                Turns: 4921, Time: 00:10:00

Health: -2/39      AC: 12    Str: 20    XL:     6   Next: 88%
Magic:  0/6        EV:  9    Int:  9    God:    Okawaru [......]
Gold:   105        SH:  5    Dex: 16    Spells: 5/5 levels left

rFire   + . .      SeeInvis .   a - +1 war axe
rCold   . . .      Faith    .   c - +0 buckler
rNeg    + . .      Spirit   +   b - +0 scale mail
rPois   ∞          Reflect  .   (no helmet)
rElec   +          Harm     .   (no cloak)
rCorr   .          Rampage  .   m - +0 pair of gloves
Will    .....                   (no boots)
Stlth   ..........              i - amulet of guardian spirit
HPRegen 0.13/turn               g - ring of protection from fire
MPRegen 0.10/turn               h - +6 ring of dexterity

@: no status effects
A: sickness immunity, AC +4, negative energy resistance 1, electricity
resistance, torment resistance 1, petrification resistance
a: Renounce Religion


You were on level 4 of the Dungeon.
You worshipped Okawaru.
Okawaru was noncommittal.
You visited 2 branches of the dungeon, and saw 5 of its levels.

You collected 105 gold pieces.

Inventory:

Hand Weapons
 a - a +1 war axe (weapon)
 k - a +0 flail
Armour
 b - a +0 scale mail (worn)
 c - a +0 buckler (worn)
 l - a +0 hat
 m - a +0 pair of gloves (worn)
Jewellery
 g - a ring of protection from fire (left hand)
 h - a +6 ring of dexterity (right hand)
 i - an amulet of guardian spirit (around neck)
 j - a ring of protection from fire
Scrolls
 e - 4 scrolls of identify
 f - 2 scrolls of enchant weapon
Potions
 d - 2 potions of might
 n - a potion of haste
 o - a potion of magic


   Skills:
 + Level 4.7 Fighting
 + Level 4.8 Axes
 + Level 4.5 Armour
 + Level 3.9 Shields


You had 5 spell levels left.
You didn't know any spells.
Your spell library contained the following spells:

 Spells                   Type           Power      Damage    Failure   Level
 Portal Projectile        Hex/Tloc       0%         N/A       97%         3
 Leda's Liquefaction      Hex/Erth       0%         N/A       100%        4
 Call Canine Familiar     Summ           Unusable   N/A       N/A         3

Dungeon Overview and Level Annotations

Branches:
Dungeon (4/15)             Temple (1/1) D:4

Altars:
Dithmenos
Fedhas
Hepliaklqana
Makhleb
Nemelex Xobeh
Okawaru
Qazlal
Ru
Sif Muna
Trog
Wu Jian

Shops:
D:1 *


Innate Abilities, Weirdness & Mutations

You are immune to sickness and miasma.
Your stone body is resilient. (AC +4)
You are immune to poison.
You resist negative energy. (rN+)
You are resistant to electric shocks. (rElec)
You are resistant to unholy torment.
You are immune to petrification.


Message History

o - a fuming purple potion
Found a falchion.
A goblin comes into view. It is wielding a +0 dagger.
The goblin shouts!
Found a robe.
You block the goblin's attack.
You completely miss the goblin. The goblin barely misses you.
You hit the goblin but do no damage. The goblin hits you but does no damage.
You barely miss the goblin. You block the goblin's attack.
You barely miss the goblin. The goblin barely misses you.
The goblin hits you but does no damage.
You barely miss the goblin. The goblin hits you but does no damage.
You slash the goblin!
You kill the goblin!
Okawaru accepts your kill.
No target in view!
No target in view!
As you read the scroll of identify, it crumbles to dust.
n - a potion of haste
As you read the scroll of identify, it crumbles to dust.
o - a potion of magic You see here a +0 dagger.
You see here a +0 falchion.
You now have 105 gold pieces (gained 13).
An ogre comes into view. It is wielding a +0 giant club.
An ogre is nearby!
Found a buckler.
You hit the ogre but do no damage. The ogre hits you with a +0 giant club!
You barely miss the ogre. The ogre hits you with a +0 giant club!
You hit the ogre.
The ogre is lightly wounded.
The ogre hits you with a +0 giant club.
* * * LOW HITPOINT WARNING * * *
You slash the ogre!
The ogre is heavily wounded.
The ogre closely misses you.
You slash the ogre!
The ogre is almost dead.
The ogre hits you with a +0 giant club!
You die...

#### #.. #.#
.
###.####..[.
#...@O......
#.#.###..#..
#.#.# ...
#.#.. # ##.#
#.#### #.<.
#.# #...
##.# ...
##..# ##.
##...####
..####..


You could see an ogre.

Vanquished Creatures
  An ogre (D:4)
  2 orc priests (D:3)
  2 orc wizards
  4 adders
  8 gnolls
  A white imp (D:4)
  2 worms
  5 dart slugs
  9 orcs (D:3)
  4 ball pythons
  6 endoplasms
  2 giant cockroaches (D:2)
  4 goblins
  9 hobgoblins
  A quokka (D:4)
  9 bats
  8 frilled lizards
  4 kobolds
  10 rats
  3 bushes (D:2)
94 creatures vanquished.

Vanquished Creatures (others)
  10 plants (D:2)
10 creatures vanquished.

Grand Total: 104 creatures vanquished

Notes
Turn   | Place    | Note
-------+----------+-------------------------------------------
     0 | D:1      | bande the Gargoyle Fighter began the quest for the Orb.
     0 | D:1      | Reached XP level 1. HP: 14/14 MP: 1/1
   270 | D:1      | Found a faded altar of an unknown god.
   318 | D:1      | Reached XP level 2. HP: 19/19 MP: 2/2
   996 | D:1      | Found Kuisen's General Store.
  1099 | D:1      | Reached XP level 3. HP: 24/24 MP: 3/3
  1358 | D:2      | Upgraded the game from 0.28-a0-410-gbef64dd269 to
                  | 0.28-a0-413-gde365fb1df
  1721 | D:1      | Reached XP level 4. HP: 19/29 MP: 4/4
  2199 | D:2      | Reached XP level 5. HP: 29/33 MP: 5/5
  2835 | D:3      | Reached XP level 6. HP: 34/39 MP: 6/6
  4121 | D:4      | Found a staircase to the Ecumenical Temple.
  4132 | Temple   | Entered the Ecumenical Temple
  4200 | Temple   | Became a worshipper of Warmaster Okawaru
  4580 | D:4      | Identified the -2 pair of boots of Ru's Whim {rN++ Will-}
  4921 | D:4      | Slain by an ogre

Illustrated notes

Levels and vault maps discovered:
D:1:      grunt_arrival_crossed_arrows, layout_basic, serial_shops,
          nicolae_shop_window_shopping, hellmonk_ecumenical_altar_blasted
D:2:      layout_basic, serial_forest, infiniplex_forest_end_2,
          infiniplex_forest_diagonal, infiniplex_forest_clump_curved,
          infiniplex_forest_lined_ring, infiniplex_forest_end_3,
          infiniplex_forest_zigzag_1, infiniplex_forest_lined_3,
          infiniplex_forest_diagonal, minmay_worlds_worst_comb
D:3:      layout_basic
D:4:      layout_loops_corners, minmay_temple_entry_sparse_star,
          minmay_misc_feat_doors
Temple:   eino_temple_rhombus

Skill      XL: |  1  2  3  4  5 |
---------------+----------------+-----
Axes           | 2 3 4 |  4.8
Fighting       | 4 |  4.7
Armour         | 4 |  4.5
Shields        | |  3.9

Action                   |  1- 3 |  4- 6 || total
-------------------------+-------+-------++-------
Melee: War axe           |    92 |   261 ||   353
  Use: Scroll            |     4 |     3 ||     7
       Potion            |     1 |       ||     1
Armor: Scale mail        |    53 |    84 ||   137
Dodge: Dodged            |    46 |    81 ||   127
Block: Buckler           |    19 |    39 ||    58

Table legend: (Time is in decaauts)
 A = Elapsed time spent in this place.
 B = Non-inter-level travel time spent in this place.
 C = Inter-level travel time spent in this place.
 D = Time resting spent in this place.
 E = Time spent auto-exploring this place.
 F = Levels seen in this place.
 G = Mean time per level.
                   A        B        C        D        E       F      G
               +--------+--------+--------+--------+--------+-----+--------+
         Total |   5043 |   4918 |    125 |    501 |   3032 |   5 | 1008.6 |
       Dungeon |   4955 |   4850 |    105 |    501 |   2981 |   4 | 1238.8 |
        Temple |     88 |     68 |     20 |      0 |     51 |   1 |   88.0 |
               +--------+--------+--------+--------+--------+-----+--------+

Top non-repeatable levels by time:
     D:1: 1523 daAuts
     D:3: 1400 daAuts
     D:2: 1305 daAuts
     D:4: 725 daAuts
  Temple: 88 daAuts
